 Dungeon Crawl Stone Soup version 0.28.0-45-g0d030f2227 (webtiles) character file.

Game seed: 3676505529109234830

493 Faeu the Covered (level 6, 0/46 (50) HPs)
             Began as a Minotaur Fighter on Apr 20, 2022.
             Was a Follower of Hepliaklqana.
             Slain by a wight
             ... wielding a +0 battleaxe
              (1 damage)
             ... on level 6 of the Dungeon.
             The game lasted 00:12:33 (4752 turns).

Faeu the Covered (Minotaur Fighter)                 Turns: 4752, Time: 00:12:33

HP:   0/46 (50)     AC:  7    Str: 23    XL:     6   Next: 92%
MP:   5/5           EV: 10    Int:  5    God:    Hepliaklqana [*.....]
Gold: 245           SH:  4    Dex:  9    Spells: 5/5 levels left

rFire   . . .      SeeInvis .   a - +0 long sword {long}
rCold   . . .      Faith    .   c - +0 buckler
rNeg    . . .      Spirit   .   b - +0 scale mail
rPois   .          Reflect  .   (helmet restricted)
rElec   .          Harm     .   (no cloak)
rCorr   .          Rampage  .   (no gloves)
Will    .....                   (no boots)
Stlth   ..........              (no amulet)
HPRegen 0.15/turn               (no ring)
MPRegen 0.09/turn               (no ring)

@: drained
A: reduced essence, horns 2, retaliatory headbutt
a: Renounce Religion, Recall Ancestor, Ancestor Identity


You were on level 6 of the Dungeon.
You worshipped Hepliaklqana.
Hepliaklqana was aware of your devotion.
You visited 1 branch of the dungeon, and saw 6 of its levels.

You collected 245 gold pieces.


Innate Abilities, Weirdness & Mutations

Your life essence is reduced to manifest your ancestor. (-10% HP)
You have a pair of horns on your head.
You reflexively headbutt those who attack you in melee.


   Skills:
 + Level 5.2 Fighting
 + Level 4.5 Long Blades
 + Level 5.3 Armour
 + Level 3.2 Dodging
 + Level 5.3 Shields


You had 5 spell levels left.
You didn't know any spells.
Your spell library contained the following spells:

 Spells                   Type           Power      Damage    Failure   Level
 Scorch                   Fire           0%         2d5       94%         2
 Sublimation of Blood     Necr           0%         N/A       94%         2
 Wereblood                Tmut           0%         N/A       94%         2
 Flame Wave               Conj/Fire      0%         2d4       100%        4
 Summon Cactus Giant      Summ           0%         N/A       100%        6
 Summon Hydra             Summ           0%         N/A       100%        7

Inventory:

Hand Weapons
 a - a +0 long sword (weapon) {long}
 o - a +0 morningstar of holy wrath {mace}
   (You took it off an orc on level 3 of the Dungeon)
 s - a +1 halberd of protection {polearm}
   (You took it off a gnoll on level 4 of the Dungeon)
 v - a +0 flail of protection {mace}
   (You took it off an orc on level 4 of the Dungeon)
Missiles
 q - 5 boomerangs (quivered) {throwing}
 u - 9 poisoned darts {throwing}
Armour
 b - a +0 scale mail (worn)
 c - a +0 buckler (worn)
Jewellery
 m - a ring of ice
   (You found it on level 3 of the Dungeon)
Scrolls
 e - 5 scrolls of identify {unknown}
 g - a scroll of blinking {unknown}
 i - a scroll of noise {unknown}
 r - 2 scrolls of fog {unknown}
 t - 3 scrolls of teleportation {unknown}
 w - a scroll of enchant weapon {unknown}
 x - a scroll of vulnerability {unknown}
Potions
 d - a potion of might
 f - a potion of cancellation {unknown}
 h - 2 potions of magic {unknown}
 j - 4 potions of curing {unknown}
 k - a potion of haste {unknown}
 l - a potion of invisibility {unknown}
 n - a potion of heal wounds {unknown}
 p - a potion of degeneration {unknown}

Dungeon Overview and Level Annotations

Branches:
Dungeon (6/15)
 Temple: D:4-7

Altars:
Cheibriados
Hepliaklqana
The Shining One

Shops:
D:1 [   D:2 * D:5

*! #..# #.. #.#
##.# ##.!##
##....# #
###.z...##
#..##..Rz#...##
#....@z####zz.##
#.....## ##...##
#...### ###...##
#..# #......##
#..# #.......##
.... #....#....#
.## #.z..##...##
#.....###(..##
#....## ##...#


You could see the friendly Chakide the ancestor and 3 wights.


Message History

You now have 225 gold pieces (gained 11).
You hear the slow rusting of a very distant drain.
e - 5 scrolls labelled SOMMUEMUHA (gained 1)
You now have 245 gold pieces (gained 20).
A scorpion comes into view. 😎 HP[+16]
You closely miss the scorpion. Your headbutt misses the scorpion.
The scorpion stings you but does no damage.
You hit the scorpion but do no damage. The scorpion stings you.
You are poisoned.
The scorpion poisons you!
Chakide barely misses the scorpion.
The scorpion stings you!
You are more poisoned.
The scorpion poisons you! 😕 HP[-9]
You take 9 damage, and now have 41/50 hp.
You closely miss the scorpion. You headbutt the scorpion.
You hear the rusting of a very distant drain.
You feel very sick.
Chakide completely misses the scorpion.
You block the scorpion's attack. 😮 HP[-6]
You take 6 damage, and now have 35/50 hp.
You hit the scorpion but do no damage.
You feel very sick.
The scorpion stings you but does no damage.
Chakide hits the scorpion.
The scorpion barely misses you. You furiously retaliate!
You headbutt the scorpion!
You kill the scorpion! 😮 HP[-3]
You take 3 damage, and now have 32/50 hp.
You feel sick. 😮 HP[-2]
You take 2 damage, and now have 30/50 hp.
You feel sick. 😮 HP[-1]
You take 1 damage, and now have 29/50 hp.
An iguana comes into view.
You feel sick.
The iguana hisses angrily. 😮 HP[-2]
You take 2 damage, and now have 27/50 hp.
You feel sick. 😮 HP[-1]
You take 1 damage, and now have 26/50 hp.
You feel sick. 😨 HP[-1]
You take 1 damage, and now have 25/50 hp.
You feel sick. 😨 HP[-1]
You take 1 damage, and now have 24/50 hp.
You feel sick. 😨 HP[-1]
You take 1 damage, and now have 23/50 hp.
You feel sick.
You are no longer poisoned.
The iguana barely misses you.
You hit the iguana.
You headbutt the iguana, but do no damage.
The iguana bites you.
* * * LOW HITPOINT WARNING * * *
😨 HP[-2]
You take 2 damage, and now have 21/50 hp.
You hit the iguana.
The iguana bites you but does no damage.
Chakide hits the iguana.
You slash the iguana!
You kill the iguana!
You see here an iguana corpse.
You swap places.
You see here an iguana corpse. 😨 HP[+1]
You swap places. 😨 HP[+1] 😨 HP[+1] 😨 HP[+1]
You swap places. 😮 HP[+1] 😮 HP[+1]
You hear the rusting of a very distant drain. 😮 HP[+1] 😮 HP[+1] 😮 HP[+1] 😮 HP[+1] 2 wights come into view.
A wight comes into view. It is wielding a +0 dagger.
The wight closely misses Chakide. 😮 HP[+1] Chakide hits the wight but does no damage. 😮 HP[+1]
You barely miss the wight. You headbutt the wight.
The wight hits you with a +0 battleaxe!
* * * LOW HITPOINT WARNING * * *
You feel drained.
* * * LOW HITPOINT WARNING * * *
The wight hits Chakide with a +0 battleaxe.
Chakide closely misses the wight.
The wight barely misses Chakide.
The wight hits you with a +0 battleaxe!
* * * LOW HITPOINT WARNING * * *
You feel drained.
You die...

Skill      XL: |  1  2  3  4  5  6 |
---------------+-------------------+-----
Dodging        | 1 2 3 |  3.2
Shields        | 4 5 |  5.3
Fighting       | 4 5 |  5.2
Armour         | 4 5 |  5.3
Long Blades    | 3 4 |  4.5

Action                   |  1- 3 |  4- 6 || total
-------------------------+-------+-------++-------
Melee: Long sword        |    85 |   105 ||   190
       Headbutt          |     8 |    18 ||    26
Throw: Boomerang         |       |    16 ||    16
Armor: Scale mail        |    44 |    50 ||    94
Dodge: Dodged            |    49 |    57 ||   106
Block: Buckler           |    25 |    22 ||    47

Levels and vault maps discovered:
D:1:      kb_arrival_jail, layout_loops_corners,
          shapermc_ecumenical_altar_mp_urbaneastern, serial_shops, shop
D:2:      layout_loops_corners, serial_shops, shop, minmay_diced_spiral
D:3:      layout_loops_ring, worldfamousw_hep_ancestral_shrine
D:4:      layout_rooms, gammafunk_temple_overflow_elements
D:5:      layout_basic, gammafunk_temple_overflow_forgotten, serial_shops, shop,
          shop, shop, shop_fountains, shop_fountains,
          minmay_misc_feat_secret_circle
D:6:      layout_cave_pods, cheibrodos_sewer_entry_sluice

Notes
Turn   | Place    | Note
-------+----------+-------------------------------------------
     0 | D:1      | Faeu the Minotaur Fighter began the quest for the Orb.
     0 | D:1      | Reached XP level 1. HP: 19/19 MP: 0/0
     0 | D:1      | magus.rc [v1.9.6]
     2 | D:1      | Noticed a vine stalker
     2 | D:1      | Noticed a demigod
     4 | D:1      | Noticed a troll
     4 | D:1      | Noticed a gargoyle
     6 | D:1      | Noticed a dwarf
     8 | D:1      | Noticed a minotaur
     8 | D:1      | Noticed a naga
    12 | D:1      | Noticed an elf
    12 | D:1      | Noticed a human
    14 | D:1      | Noticed a formicid
    14 | D:1      | Noticed an octopode
    16 | D:1      | Noticed a vampire
    18 | D:1      | Noticed a felid
    18 | D:1      | Noticed a draconian
    21 | D:1      | Noticed a ghoul
    21 | D:1      | Noticed an ogre
    23 | D:1      | Noticed a merfolk
    25 | D:1      | Noticed a tengu
    25 | D:1      | Noticed a spriggan
    27 | D:1      | Noticed a demonspawn
    69 | D:1      | magus.rc [v1.9.6]
   425 | D:1      | Reached XP level 2. HP: 26/27 MP: 1/1
   451 | D:1      | Found Dostri's Armour Shop.
  1024 | D:1      | Found a faded altar of an unknown god.
  1291 | D:2      | Reached skill level 1 in Dodging
  1374 | D:2      | Reached skill level 4 in Shields
  1490 | D:2      | Reached XP level 3. HP: 32/33 MP: 2/2
  1496 | D:2      | Reached skill level 4 in Fighting
  1496 | D:2      | Reached skill level 4 in Armour
  1614 | D:2      | Reached skill level 3 in Long Blades
  1847 | D:2      | Found Cynokot's General Store.
  2195 | D:3      | Reached XP level 4. HP: 32/40 MP: 3/3
  2498 | D:3      | You pick up a book of Scorching and begin reading...
  2498 | D:3      | You add the spells Scorch, Flame Wave and Summon Cactus
                  | Giant to your library.
  2704 | D:3      | Found a hazy altar of Hepliaklqana.
  2709 | D:3      | Became a worshipper of Hepliaklqana the Forgotten
  2959 | D:3      | Reached skill level 2 in Dodging
  3110 | D:4      | Reached XP level 5. HP: 47/47 MP: 4/4
  3141 | D:4      | You pick up a book of Blood and begin reading...
  3141 | D:4      | You add the spells Sublimation of Blood, Wereblood and
                  | Summon Hydra to your library.
  3412 | D:4      | Noticed a phantom
  3427 | D:4      | Killed a phantom
  3590 | D:4      | Reached skill level 4 in Long Blades
  3590 | D:4      | Reached XP level 6. HP: 55/55 MP: 5/5
  3839 | D:4      | Reached skill level 5 in Armour
  3839 | D:4      | Reached skill level 5 in Shields
  4042 | D:4      | Reached * piety under Hepliaklqana
  4060 | D:4      | Found a glowing golden altar of the Shining One.
  4060 | D:4      | Found a snail-covered altar of Cheibriados.
  4184 | D:5      | Entered Level 5 of the Dungeon
  4188 | D:5      | Found Qomiaf's General Store.
  4294 | D:5      | Found Meymiadd's Distillery.
  4479 | D:6      | Reached skill level 5 in Fighting
  4479 | D:6      | Reached skill level 3 in Dodging
  4752 | D:6      | HP: 1/48 [wight/+0 battleaxe (15)]
  4752 | D:6      | Slain by a wight

Vanquished Creatures
  A phantom (D:4)
  3 scorpions
  An orc wizard (D:3)
  An iguana (D:6)
  3 gnolls (D:4)
  6 adders
  3 worms
  3 dart slugs
  10 orcs
  6 endoplasms
  A giant cockroach (D:2)
  8 goblins
  7 hobgoblins
  5 jackals (D:2)
  4 quokkas
  5 ball pythons
  7 bats
  2 frilled lizards (D:2)
  5 kobolds
  2 rats (D:3)
83 creatures vanquished.

Vanquished Creatures (collateral kills)
  An adder (D:6)
1 creature vanquished.

Grand Total: 84 creatures vanquished

Table legend:
 A = Non-vault XP
 B = Vault XP
 C = Vault XP percentage of total XP
 D = Non-vault monster count
 E = Vault monster count
 F = Vault count percentage of total count
                 A         B        C        D         E       F
            +---------+---------+-------+---------+---------+-------
      Total |     689 |      16 |   2.3 |      78 |       6 |   7.1
            +---------+---------+-------+---------+---------+-------
        D:1 |      30 |       0 |   0.0 |      17 |       0 |   0.0
        D:2 |      39 |      16 |  29.1 |      19 |       6 |  24.0
        D:3 |     122 |       0 |   0.0 |      19 |       0 |   0.0
        D:4 |     284 |       0 |   0.0 |      19 |       0 |   0.0
        D:6 |     214 |       0 |   0.0 |       4 |       0 |   0.0
            +---------+---------+-------+---------+---------+-------

Illustrated notes

Table legend:
 A = Kills in this place as a percentage of kills in entire the game.
 B = Kills by you in this place as a percentage of kills by you in the entire game.
 C = Kills by friends in this place as a percentage of kills by friends in the entire game.
 D = Other kills in this place as a percentage of other kills in the entire game.
 E = Experience gained in this place as a percentage of experience gained in the entire game.
 F = Experience gained in this place divided by the number of levels of this place that you have seen.
                   A       B       C       D       E      F
               +-------+-------+-------+-------+-------+----------------------
         Total | 100.0 | 100.0 | 100.0 |   N/A | 100.0 | 117.5
       Dungeon | 100.0 | 100.0 | 100.0 |   N/A | 100.0 | 117.5
               +-------+-------+-------+-------+-------+----------------------

Table legend: (Time is in decaauts)
 A = Elapsed time spent in this place.
 B = Non-inter-level travel time spent in this place.
 C = Inter-level travel time spent in this place.
 D = Time resting spent in this place.
 E = Time spent auto-exploring this place.
 F = Levels seen in this place.
 G = Mean time per level.
                   A        B        C        D        E       F      G
               +--------+--------+--------+--------+--------+-----+--------+
         Total |   4809 |   4715 |     94 |    196 |   3324 |   6 |  801.5 |
       Dungeon |   4809 |   4715 |     94 |    196 |   3324 |   6 |  801.5 |
               +--------+--------+--------+--------+--------+-----+--------+

Top non-repeatable levels by time:
     D:1: 1269 daAuts
     D:3: 1141 daAuts
     D:2: 927 daAuts
     D:4: 901 daAuts
     D:6: 290 daAuts
     D:5: 279 daAuts
